Map: Jagannatha LE

Players

Elazer

  • Race: Zerg Zerg

PtitDrogo - Winner!

  • Race: Protoss Protoss

Event: DreamHack SC2 Masters 2021 Fall

VOD

Have the link to the VOD?

Description

Time

  • Played on: Aug. 7, 2021, 12:23 p.m.
  • Length: 10:44

All games in this series

Show
View Real Time Build Order
Export as new Build Order

Elazer Zerg 

Build Orders: Hatch First 

Get SALT Encoding   

  12  0:00  Drone  
  13  0:12  Overlord  
  13  0:16  Drone  
  14  0:30  Drone x2  
  16  0:44  Drone  
  17  0:52  Hatchery  
  17  0:55  Drone  
  17  0:59  Drone  
  18  1:09  Extractor  
  17  1:14  Spawning Pool  
  17  1:17  Drone  
  17  1:21  Drone  
  18  1:29  Drone  
  19  1:39  Drone  
  20  1:49  Overlord  
  20  2:00  Queen  
  22  2:03  Queen  
  22  2:04  Zergling x2, Drone  
  26  2:11  Zergling x2  
  26  2:14  Metabolic Boost  
  26  2:15  Drone  
  28  2:23  Drone  
  28  2:25  Drone  
  30  2:32  Drone  
  30  2:36  Drone  
  32  2:41  Queen  
  34  2:44  Zergling x2  
  34  2:48  Overlord  
  35  2:54  Hatchery  
  34  3:02  Zergling x2  
  34  3:03  Zergling x2  
  36  3:06  Overlord  
  36  3:09  Drone  
  37  3:13  Drone x3  
  37  3:16  Drone x2  
  37  3:17  Drone  
  43  3:25  Drone x2  
  43  3:27  Drone  
  43  3:32  Spore Crawler, Queen  
  45  3:38  Queen  
  45  3:40  Drone  
  48  3:42  Drone  
  48  3:46  Drone x2  
  51  3:50  Overlord  
  51  3:51  Zergling x2  
  52  4:01  Overlord  
  52  4:07  Drone x5  
  52  4:08  Spore Crawler  
  56  4:13  Overlord  
  56  4:15  Queen  
  56  4:16  Drone  
  59  4:23  Drone x4  
  62  4:24  Drone  
  62  4:26  Drone  
  62  4:29  Drone x2  
  64  4:31  Drone  
  64  4:32  Drone  
  64  4:37  Drone  
  66  4:38  Drone  
  66  4:40  Drone  
  66  4:44  Extractor  
  66  4:45  Roach Warren  
  66  4:46  Extractor  
  66  4:50  Spore Crawler  
  66  4:52  Overlord  
  64  4:54  Queen  
  64  4:55  Drone x4  
  64  4:56  Drone  
  69  5:01  Drone x5  
  69  5:04  Lair  
  69  5:05  Drone  
  75  5:07  Drone  
  75  5:08  Drone  
  75  5:10  Drone  
  75  5:13  Drone  
  79  5:18  Overlord  
  79  5:19  Queen  
  81  5:22  Hatchery  
  81  5:25  Drone x2  
  82  5:30  Extractor  
  82  5:31  Drone x3  
  82  5:32  Extractor, Drone x2, Evolution Chamber  
  82  5:33  Extractor  
  82  5:34  Drone  
  84  5:38  Drone x3  
  84  5:42  Overlord  
  86  5:43  Drone x3  
  86  5:49  Drone x3  
  92  6:04  Glial Reconstitution  
  92  6:05  Overlord  
  92  6:06  Zerg Missile Weapons Level 1  
  92  6:07  Infestation Pit  
  92  6:08  Drone x6  
  92  6:10  Overlord  
  98  6:11  Zergling x6  
  98  6:13  Overseer  
  100  6:22  Overlord  
  98  6:26  Drone  
  98  6:28  Roach  
  98  6:31  Overlord  
  101  6:37  Drone  
  101  6:38  Roach x10  
  101  6:39  Roach  
  124  6:43  Hive  
  124  6:44  Baneling Nest, Drone  
  124  6:46  Drone  
  125  6:50  Drone  
  126  6:57  Zergling x6, Spore Crawler, Hatchery  
  126  6:58  Ravager x2  
  126  6:59  Ravager  
  130  7:02  Overlord  
  130  7:05  Drone x3  
  130  7:07  Drone x2  
  131  7:14  Drone x3  
  131  7:15  Drone x2  
  134  7:18  Roach  
  134  7:23  Roach x3  
  140  7:32  Spire  
  140  7:33  Roach x6  
  140  7:34  Overlord x3  
  151  7:37  Pneumatized Carapace  
  151  7:38  Overlord  
  151  7:47  Zergling x2  
  152  7:55  Viper  
  152  7:56  Viper x2  
  152  7:58  Zergling x24  
  173  8:01  Centrifical Hooks  
  173  8:04  Overlord  
  171  8:07  Drone  
  171  8:08  Extractor x2, Drone x3  
  171  8:09  Drone x3  
  171  8:10  Adrenal Glands  
  175  8:16  Zergling x2  
  175  8:17  Zergling x8  
  175  8:18  Zerg Melee Weapons Level 1  
  180  8:20  Drone x2, Evolution Chamber  
  180  8:21  Spine Crawler  
  180  8:26  Overlord  
  180  8:28  Zergling x8  
  180  8:29  Zergling x4  
  186  8:40  Zergling x18  
  195  8:43  Corruptor  
  197  8:52  Baneling x16  
  197  8:55  Zergling x8  
  194  9:03  Overlord  
  194  9:07  Baneling  
  194  9:08  Baneling x21  
  183  9:17  Zergling x24  
  196  9:24  Roach x2  
  196  9:30  Baneling x6  
  196  9:31  Baneling x6  
  198  9:38  Zergling x28  
  189  9:45  Roach  
  189  9:46  Roach x6  
  189  9:51  Roach x6  
  198  9:59  Zergling x6  
  193  10:05  Zergling x4  
  193  10:06  Zergling x6  
  147  10:16  Roach x5  
  147  10:19  Roach x4  
  150  10:24  Roach  
  150  10:25  Roach x3  
Show
View Real Time Build Order
Export as new Build Order

PtitDrogo Protoss - Winner!

Build Orders: 1 Gate Expand, Oracle Opening, Archon Immortal 

Get SALT Encoding   

  12  0:00  Probe  
  13  0:12  Probe  
  14  0:20  Pylon  
  14  0:24  Probe  
  15  0:38  Probe (Chrono Boost)  
  15  0:40  Gateway  
  16  0:47  Probe (Chrono Boost)  
  17  0:50  Assimilator  
  17  0:52  Probe (Chrono Boost)  
  18  1:04  Probe  
  19  1:16  Probe  
  20  1:26  Nexus  
  20  1:37  Cybernetics Core  
  20  1:40  Probe  
  20  1:45  Assimilator  
  21  1:53  Probe  
  22  1:55  Pylon  
  22  2:05  Probe  
  23  2:11  Adept (Chrono Boost)  
  25  2:19  Stargate, Probe  
  26  2:26  Warp Gate  
  26  2:31  Adept (Chrono Boost)  
  26  2:33  Probe (Chrono Boost)  
  29  2:38  Probe (Chrono Boost)  
  31  2:47  Probe (Chrono Boost)  
  31  2:48  Probe (Chrono Boost)  
  32  2:52  Probe (Chrono Boost)  
  32  2:54  Adept  
  32  2:55  Probe  
  36  3:01  Oracle (Chrono Boost)  
  36  3:04  Probe  
  40  3:07  Probe  
  40  3:11  Pylon  
  41  3:17  Probe  
  41  3:19  Probe  
  41  3:29  Probe  
  41  3:30  Oracle (Chrono Boost)  
  41  3:31  Probe  
  41  3:33  Gateway  
  46  3:41  Probe  
  47  3:44  Probe  
  48  3:53  Probe  
  49  3:56  Nexus, Probe  
  49  3:59  Pylon  
  50  4:06  Robotics Facility  
  50  4:07  Probe  
  50  4:08  Probe  
  52  4:13  Pylon  
  52  4:17  Assimilator  
  52  4:19  Probe  
  52  4:20  Assimilator  
  52  4:21  Adept  
  55  4:27  Adept  
  55  4:29  Probe (Chrono Boost)  
  56  4:38  Probe (Chrono Boost)  
  57  4:40  Twilight Council, Forge  
  57  4:41  Probe (Chrono Boost)  
  58  4:49  Gateway  
  58  4:50  Probe x2 (Chrono Boost)  
  60  4:57  Probe  
  60  4:59  Observer (Chrono Boost)  
  63  5:00  Probe (Chrono Boost)  
  63  5:01  Robotics Bay  
  63  5:04  Sentry  
  63  5:05  Gateway  
  65  5:08  Probe (Chrono Boost)  
  68  5:15  Probe (Chrono Boost)  
  68  5:17  Probe (Chrono Boost)  
  68  5:18  Probe (Chrono Boost)  
  68  5:19  Immortal  
  74  5:23  Probe (Chrono Boost)  
  74  5:25  Probe (Chrono Boost)  
  74  5:27  Protoss Ground Weapons Level 1 (Chrono Boost)  
  76  5:28  Probe (Chrono Boost)  
  76  5:31  Charge  
  76  5:33  Probe (Chrono Boost)  
  79  5:35  Probe (Chrono Boost)  
  79  5:36  Probe (Chrono Boost)  
  79  5:37  Pylon  
  79  5:39  Assimilator  
  79  5:41  Assimilator  
  79  5:43  Probe  
  79  5:45  Probe  
  79  5:47  Probe  
  82  5:55  Pylon, Probe  
  82  5:56  Templar Archives  
  83  5:57  Probe  
  83  5:59  Probe, Warp Prism (Chrono Boost)  
  87  6:07  Probe  
  87  6:09  Probe  
  89  6:13  Observer  
  89  6:14  Gateway x2  
  89  6:15  Probe  
  89  6:16  Gateway  
  90  6:20  Probe  
  91  6:26  Psionic Storm, Probe  
  91  6:30  Zealot x2  
  93  6:38  High Templar x2  
  93  6:39  Nexus  
  96  6:40  Pylon  
  96  6:41  Shield Battery  
  96  6:43  Photon Cannon  
  96  6:48  Probe  
  96  6:52  Pylon  
  96  6:53  Pylon  
  97  6:54  Pylon  
  97  6:55  High Templar x2  
  101  7:04  Gateway  
  101  7:06  Gateway  
  101  7:07  Probe  
  102  7:14  Adept x2  
  102  7:16  Probe x2  
  102  7:17  Assimilator  
  102  7:21  Assimilator  
  102  7:22  Immortal (Chrono Boost)  
  104  7:24  Protoss Ground Weapons Level 2 (Chrono Boost)  
  104  7:26  Probe  
  104  7:28  Blink, Probe  
  110  7:31  Probe  
  110  7:34  High Templar  
  110  7:35  Shield Battery  
  110  7:37  Photon Cannon  
  113  7:38  Probe  
  113  7:43  High Templar x2, Zealot x4  
  126  7:51  Archon, Immortal (Chrono Boost)  
  130  7:59  Gateway x2  
  130  8:02  Gateway  
  130  8:09  Probe  
  132  8:12  Probe  
  132  8:15  Pylon  
  132  8:19  High Templar x2  
  136  8:20  Photon Cannon, High Templar x2, Zealot x2  
  136  8:21  Zealot x2  
  136  8:22  Pylon  
  136  8:26  Archon x2  
  148  8:33  Immortal  
  152  8:34  Pylon  
  152  8:36  Pylon x2  
  152  8:37  Pylon x3  
  152  8:41  High Templar x2  
  152  8:42  Zealot x3  
  152  8:47  Pylon  
  162  8:55  Zealot x3  
  162  8:56  Zealot  
  162  9:00  High Templar x2  
  162  9:01  Pylon  
  162  9:02  High Templar  
  174  9:07  High Templar, Archon  
  174  9:09  Stalker x2  
  160  9:19  Zealot x6  
  172  9:31  Archon  
  172  9:33  Zealot x4  
  152  9:46  Stalker x5, Zealot x3  
  158  10:02  Zealot x4  
  162  10:10  Archon x2  
  153  10:15  Zealot x8  
  153  10:18  Archon  
  157  10:26  Stalker x4  

Tags
 
Add a new tag
Caveats
  • Supply blocks, unpowered buildings, or Contaminate may cause inaccurate times.
  • Supply counts are checked every 10 seconds.